 Dungeon Crawl Stone Soup version bcrawl-1.41.1 (webtiles) character file.

Game seed: 7803763803594791467

244855 Grimmash the Covered (level 8, -8/50 HPs)
             Began as a Skeleton Archaeologist on Apr 20, 2024.
             Shot with a bolt by an orc warrior (15 damage)
             ... in a bailey.
             The game lasted 00:10:58 (6081 turns).

Grimmash the Covered (Skeleton Archaeologist)       Turns: 6081, Time: 00:10:59

Health: -8/50      AC: 13    Str: 24 (25) XL:     8   Next: 90%
Magic:  0/25       EV: 10    Int: 15 (16) God:
Gold:   452        SH:  1    Dex:  7      Spells: 16/17 levels left

rFire    + . .     GDR:     24% a - +0 falchion (vamp)
rCold    + . .     SeeInvis .   (no shield)
rNeg     + + +     Gourm    .   k - +0 chain mail
rPois    ∞         Faith    .   d - +1 hat
rElec    +         Spirit   +   (no cloak)
rCorr    .         Reflect  .   (no gloves)
MR       +....                  e - +1 pair of boots
Stlth    ..........             (no amulet)
HPRegen  0.18/turn              l - ring of protection from fire
MPRegen  0.19/turn              h - ring of Youthful Indiscretion {+Blink rElec MP+9 Str+8 Stlth-}

@: no status effects
A: no food or potions, cold resistance 1, deterioration 1, negative energy
resistance 3, powered by death 1, torment resistance, unbreathing, magic shield,
sturdy frame 1, spell healing
a: Evoke Blink


You were in a bailey.
You were not hungry.

You visited 1 branch of the dungeon, and saw 7 of its levels.
You also visited: Bailey.

You collected 452 gold pieces.

Inventory:

Hand Weapons
 a - a +0 vampiric falchion (weapon)
 b - a +0 blowgun
 n - a +0 long sword
Missiles
 c - 2 poisoned needles
 f - 3 curare-tipped needles
Armour
 d - a +1 hat (worn)
 e - a +1 pair of boots (worn)
 k - a +0 chain mail (worn)
 u - a +0 medium shield
Jewellery
 h - the ring of Youthful Indiscretion (right hand) {+Blink rElec MP+9 Str+8 Stlth-}
   (You acquired it on level 3 of the Dungeon)

   [ring of magical power]

   It affects your strength (+8).
   It insulates you from electricity.
   It affects your magic capacity (+9).
   It lets you blink.
   It makes you less stealthy.
 j - an uncursed ring of wizardry
 l - a ring of protection from fire (left hand)
Wands
 p - a wand of digging (11)
 w - a wand of iceblast (6)
Scrolls
 i - 2 scrolls of identify
 m - a scroll of noise {unknown}
 o - 2 scrolls of amnesia
 q - a scroll of remove curse {unknown}
 r - a scroll of immolation {unknown}
 s - 3 scrolls of blinking
 t - a scroll of fog {unknown}
 v - a scroll of fear


   Skills:
 * Level 5.5 Fighting
   Level 1.2(3.6) Short Blades
 * Level 5.4(5.5) Long Blades
   Level 1.3 Maces & Flails
 * Level 5.6 Armour
 * Level 5.2 Dodging
 + Level 4.0 Stealth
 * Level 1.6 Shields
 * Level 5.3 Spellcasting
 * Level 1.9 Conjurations
 * Level 1.4 Fire Magic
 + Level 0.2 Evocations


You had 16 spell levels left.
You knew the following spells:

 Your Spells              Type           Power        Failure   Level  Hunger
a - Flame Tongue          Conj/Fire      #....        32%         1    N/A

Your spell library contained the following spells:

 Spells                   Type           Power        Failure   Level  Hunger
 Flaming Arrows           Chrm/Fire      #.......     58%         2    N/A
 Conjure Flame            Conj/Fire      #.......     67%         3    N/A
 Inner Flame              Hex/Fire       N/A          82%         3    N/A
 Sticky Flame             Conj/Fire      #.......     97%         4    N/A
 Fireball                 Conj/Fire      #.........   100%        5    N/A

Dungeon Overview and Level Annotations

Branches:
Dungeon (7/12)               Lair (0/6) D:7
 Temple: D:4-7

Altars:
Dithmenos
Gozag
Hepliaklqana
Makhleb
Nemelex Xobeh
Okawaru
Xom
Yredelemnul

Shops:
D:5 (   D:6 }   D:7 *


Innate Abilities, Weirdness & Mutations

You do not eat or drink.
You are immune to poison.
Your flesh is cold resistant. (rC+)
Your body sometimes deteriorates upon taking damage.
You are immune to negative energy. (rN+++)
You regenerate a little health from kills.
You are immune to unholy pain and torment.
You can survive without breathing.
When hurt, damage is shared between your health and your magic reserves.
Your movements are slightly less encumbered by armour. (ER -2)
Casting spells heals you.


Message History

The orc warrior hits you.
You miss the orc warrior.
The orc warrior is severely wounded.
The orc warrior hits you!
Your body deteriorates!
You feel dopey.
You hit the orc warrior but do no damage.
The orc warrior is severely wounded.
The orc warrior barely misses you.
You slash the orc warrior!
You kill the orc warrior!
The orc warrior shoots a bolt.
The bolt hits you but does no damage.
Found a gate leading back out of this place.
Items here: ( ) [ † a +0 arbalest; 97 bolts; a +0 ring mail; an orc corpse The orc warrior shoots a bolt.
The bolt hits you but does no damage.
The orc warrior shoots a bolt.
The bolt hits you.
The orc warrior shoots a bolt.
The bolt hits you!!
* * * LOW HITPOINT WARNING * * *
The orc warrior shoots a bolt.
The bolt hits you!!
You die...

#......≈##.##≈..
#......≈≈#o#≈≈..
#.......≈≈≈≈≈...
#...............
#...............
#.......).......
#...............
#.[.............
#∩.@............
################


You could see an orc warrior.

Vanquished Creatures
  Grinder (D:3)
  Sigmund (D:5)
  A yak (D:7)
  An orc warrior (Bailey)
  A black bear (D:4)
  A sky beast (D:4)
  An ogre (D:4)
  A necrophage (D:4)
  A kobold brigand (D:7)
  2 centaurs (D:5)
  2 scorpions (D:7)
  A howler monkey (D:4)
  3 orc priests
  A crimson imp (D:5)
  A quasit (D:6)
  A hound (D:7)
  2 orc wizards
  Ijyb (D:5)
  6 worker ants
  7 adders
  An ooze (D:3)
  An adder skeleton (D:4)
  5 worms
  3 dart slugs
  6 leopard geckos
  9 orcs
  2 ball pythons (D:2)
  5 bats
  5 giant cockroaches
  11 hobgoblins
  11 jackals
  8 kobolds
  7 quokkas
  3 frilled lizards
  7 goblins
  A quokka skeleton (D:4)
  6 rats
  A spectral orc (D:5)
128 creatures vanquished.

Vanquished Creatures (others)
  An ogre (D:6)
  A hound (D:4)
  A jelly (D:6)
  An orc wizard (D:4)
  An iguana (D:4)
  An orc (D:4)
  A fungus (D:7)
7 creatures vanquished.

Grand Total: 135 creatures vanquished

Notes
Turn   | Place    | Note
-------+----------+-------------------------------------------
     0 | D:1      | Grimmash the Skeleton Archaeologist began the quest for the
                  | Orb.
     0 | D:1      | Reached XP level 1. HP: 12/12 MP: 1/1
   116 | D:1      | Found an iron altar of Okawaru.
   147 | D:1      | Reached XP level 2. HP: 16/16 MP: 2/2
   577 | D:1      | Reached XP level 3. HP: 17/20 MP: 4/4
  1151 | D:2      | Reached skill level 1 in Spellcasting
  1168 | D:2      | Reached skill level 1 in Long Blades
  1528 | D:2      | Reached skill level 1 in Armour
  1727 | D:2      | Reached XP level 4. HP: 25/25 MP: 4/6
  2188 | D:3      | Reached skill level 1 in Short Blades
  2199 | D:3      | Reached XP level 5. HP: 29/30 MP: 7/7
  2199 | D:3      | Identified a scroll of acquirement
  2222 | D:3      | Identified the ring of Youthful Indiscretion {+Blink rElec
                  | MP+9 Str+8 Stlth-} (You acquired it on level 3 of the
                  | Dungeon)
  2384 | D:3      | Noticed Grinder
  2415 | D:3      | Paralysed by Grinder for 2 turns
  2435 | D:3      | Killed Grinder
  2436 | D:3      | Gained mutation: You regenerate a little health from kills.
                  | [Skeleton growth]
  2436 | D:3      | Reached XP level 6. HP: 13/36 MP: 7/10
  3138 | D:4      | Noticed a sky beast
  3206 | D:4      | Killed a sky beast
  3380 | D:4      | Reached XP level 7. HP: 37/41 MP: 12/12
  3511 | D:4      | Found a shimmering altar of Xom.
  3576 | D:4      | Learned a level 1 spell: Flame Tongue
  4016 | D:5      | Entered Level 5 of the Dungeon
  4203 | D:5      | Found Ijyoxab's Antique Weapon Shoppe.
  4370 | D:5      | Reached XP level 8. HP: 48/48 MP: 14/14
  4472 | D:5      | Reached skill level 1 in Conjurations
  4760 | D:5      | Noticed Sigmund
  4797 | D:5      | Killed Sigmund
  4798 | D:5      | Reached skill level 5 in Fighting
  4798 | D:5      | Reached skill level 5 in Spellcasting
  4798 | D:5      | Noticed Ijyb
  4857 | D:5      | Killed Ijyb
  4944 | D:5      | Found an opulent altar of Gozag.
  4966 | D:5      | Reached skill level 5 in Dodging
  5212 | D:5      | Found a basalt altar of Yredelemnul.
  5428 | D:6      | Found a shadowy altar of Dithmenos.
  5428 | D:6      | Found a hazy altar of Hepliaklqana.
  5514 | D:6      | Found Teusee's Gadget Shoppe.
  5669 | D:7      | Found a sparkling altar of Nemelex Xobeh.
  5714 | D:7      | Found a staircase to the Lair.
  5714 | D:7      | Noticed a hippogriff
  5735 | D:7      | Found Zemet's General Store.
  5755 | D:7      | Reached skill level 5 in Armour
  5755 | D:7      | Reached skill level 1 in Fire Magic
  5771 | D:7      | Reached skill level 5 in Long Blades
  5793 | D:7      | Reached skill level 1 in Shields
  5865 | D:7      | Found a burning altar of Makhleb.
  5898 | D:7      | Found a flagged portal.
  5906 | Bailey   | Entered a bailey
  6081 | Bailey   | Shot with a bolt by an orc warrior

Skill      XL: |  1  2  3  4  5  6  7  8 |
---------------+-------------------------+-----
Stealth        | 4 |  4.0
Spellcasting   | 1 3 4 5 |  5.3
Long Blades    | 1 2 3 5 |  5.4
Armour         | 1 2 3 4 5 |  5.6
Short Blades   | 1 |  1.2
Fighting       | 2 3 4 5 |  5.5
Dodging        | 4 5 |  5.2
Conjurations   | 1 |  1.9
Fire Magic     | 1 |  1.4
Shields        | 1 |  1.6
Maces & Flails | |  1.3
Evocations     | |  0.2

Action                   |  1- 3 |  4- 6 |  7- 9 || total
-------------------------+-------+-------+-------++-------
Melee: Whip              |    26 |       |       ||    26
       Falchion          |    43 |    95 |   294 ||   432
       Dagger            |    99 |    96 |       ||   195
 Fire: Blowgun           |       |    34 |    36 ||    70
Evoke: Wand              |       |       |     9 ||     9
  Use: Scroll            |     1 |     4 |     4 ||     9
 Stab: Sleeping          |     4 |       |       ||     4
Armor: Robe              |    15 |       |       ||    15
       Chain mail        |    86 |   139 |   221 ||   446
Dodge: Dodged            |    86 |   144 |   219 ||   449
Block: Other             |       |       |     1 ||     1
